 Dungeon Crawl Stone Soup version 0.29.1-15-g9cfb28693d (webtiles) character file.

Game seed: 3049020524441012500

18 Angrytalen the Trooper (level 2, -2/27 HPs)
             Began as a Minotaur Monk on Nov 3, 2023.
             Frozen to death by an endoplasm (5 damage)
             ... on level 1 of the Dungeon.
             The game lasted 00:07:58 (638 turns).

Angrytalen the Trooper (Minotaur Monk)               Turns: 638, Time: 00:07:59

Health: -2/27      AC:  2    Str: 15    XL:     2   Next: 51%
Magic:  1/1        EV: 13    Int:  7    God:
Gold:   47         SH:  0    Dex: 12    Spells: 1/1 levels left

rFire   . . .      SeeInvis .   a - +0 falchion
rCold   . . .      Faith    .   (no shield)
rNeg    . . .      Spirit   .   b - +0 robe
rPois   .          Reflect  .   (helmet restricted)
rElec   .          Harm     .   (no cloak)
rCorr   .          Rampage  .   (no gloves)
Will    .....                   (no boots)
Stlth   ++........              (no amulet)
HPRegen 0.09/turn               (no ring)
MPRegen 0.07/turn               (no ring)

@: no status effects
A: horns 2, retaliatory headbutt
a: no special abilities


You were on level 1 of the Dungeon.
You visited 1 branch of the dungeon, and saw 1 of its levels.

You collected 47 gold pieces.

Inventory:

Hand Weapons
 a - a +0 falchion (weapon)
 g - a +0 dagger
 h - a +0 dagger
 j - a +0 short sword
Missiles
 d - 15 stones (quivered)
Armour
 b - a +0 robe (worn)
 f - a +0 robe
Scrolls
 e - 2 scrolls of magic mapping {unknown}
 i - a scroll of teleportation {unknown}
Potions
 c - a potion of ambrosia


   Skills:
 + Level 4.1 Fighting
 + Level 3.8 Long Blades
 + Level 3.8 Dodging
 + Level 1.6 Stealth


You had one spell level left.
You didn't know any spells.
Your spell library was empty.

Dungeon Overview and Level Annotations

Branches:
Dungeon (1/15)

Altars:


Innate Abilities, Weirdness & Mutations

You have a pair of horns on your head.
You reflexively headbutt those who attack you in melee.


Message History

You kill the hobgoblin!
You closely miss the kobold. Your headbutt misses the kobold.
The kobold hits you with a +0 dagger. The endoplasm freezes you.
You are frozen.
You closely miss the kobold. The kobold hits you with a +0 dagger.
The endoplasm jiggles.
The endoplasm freezes you.
You are frozen.
The kobold barely misses you. You furiously retaliate!
You headbutt the kobold, but do no damage.
The endoplasm closely misses you. You furiously retaliate!
You headbutt the endoplasm. You hit the endoplasm but do no damage.
Your headbutt misses the endoplasm.
The endoplasm is lightly wounded.
The ball python misses you. The ball python grabs you.
The ball python constricts you. The ball python closely misses you.
The ball python constricts you. The kobold hits you with a +0 whip.
The kobold hits you with a +0 dagger.
The endoplasm hits you but does no damage.
You barely miss the ball python. The ball python bites you.
The ball python constricts you. The kobold hits you but does no damage.
The kobold hits you with a +0 dagger. The endoplasm hits you.
You are too injured to fight recklessly!
The ball python's grasp on you weakens, but your attempt to escape fails.
The ball python closely misses you. The ball python constricts you.
The kobold hits you with a +0 dagger.
* * * LOW HITPOINT WARNING * * *
The kobold hits you with a +0 whip.
* * * LOW HITPOINT WARNING * * *
The endoplasm hits you.
* * * LOW HITPOINT WARNING * * *
You escape the ball python's grasp.
The ball python attacks as you move away!
The ball python bites you but does no damage.
The ball python closely misses you. The kobold attacks as you move away!
The kobold hits you with a +0 dagger.
* * * LOW HITPOINT WARNING * * *
The endoplasm freezes you.
You are frozen.
You die...

# .......... ##
.......... #. .......?..
.####. .........##
...... .......... .r....
#..#...##### #####.
#...J.#).. #######.
#KS@#.# #.......
#.K...#### #.#####. #
#........# #.....#.
#.###......########.#.
..#.....###.............
#.......#.#.#...#####.##
#...........#.#....##.#.
.......#.#....####'##.#.
.......###..####......#.


You could see an endoplasm, a ball python and 2 kobolds.

Vanquished Creatures
  A dart slug (D:1)
  A ball python (D:1)
  A bat (D:1)
  4 endoplasms (D:1)
  2 hobgoblins (D:1)
  3 kobolds (D:1)
  A rat (D:1)
13 creatures vanquished.

Notes
Turn   | Place    | Note
-------+----------+-------------------------------------------
     0 | D:1      | Angrytalen the Minotaur Monk began the quest for the Orb.
     0 | D:1      | Reached XP level 1. HP: 19/19 MP: 0/0
   409 | D:1      | Reached XP level 2. HP: 27/27 MP: 1/1
   549 | D:1      | Reached skill level 4 in Fighting
   638 | D:1      | Frozen to death by an endoplasm

Illustrated notes

Levels and vault maps discovered:
D:1:      roderic_chinese_lattice_arrival, layout_basic, minmay_pentomino_u2

Skill      XL: |  1  2 |
---------------+-------+-----
Fighting       | 4 |  4.1
Long Blades    | |  3.8
Dodging        | |  3.8
Stealth        | |  1.6

Action                   || total
-------------------------++-------
Melee: Falchion          ||    30
       Headbutt          ||     4
 Stab: Sleeping          ||     1
Armor: Robe              ||     6
Dodge: Dodged            ||    25
